Map: Cyber Forest LE

Players

jurgen - Winner!

  • Race: Protoss Protoss
  • League: Platinum
  • Spawn Location: 5:00

Vazuzu

  • Race: Terran Terran
  • League: Platinum
  • Spawn Location: 11:00

VOD

Have the link to the VOD?

Description

Time

  • Played on: May 4, 2019, 9:28 a.m.
  • Length: 4:23
Show
View Real Time Build Order
Export as new Build Order

jurgen Protoss - Winner!

Build Orders:  

Get SALT Encoding   

  12  0:11  Pylon  
  12  0:14  Probe  
  13  0:29  Gateway  
  13  0:32  Probe  
  14  0:44  Assimilator, Probe  
  15  0:56  Probe  
  16  0:59  Gateway  
  16  1:08  Probe  
  17  1:20  Probe  
  17  1:21  Cybernetics Core  
  18  1:32  Probe  
  19  1:36  Pylon  
  19  1:38  Warp Gate  
  19  1:59  Adept  
  19  2:01  Adept  
  23  2:06  Probe  
  24  2:17  Gateway  
  24  2:18  Gateway  
  23  2:49  Adept x2  
  27  3:09  Pylon  
  27  3:34  Adept x2  
  31  3:37  Adept  
  31  3:38  Adept  
  35  3:55  Forge  
  35  3:58  Pylon  
  35  4:00  Pylon  
Show
View Real Time Build Order
Export as new Build Order

Vazuzu Terran 

Build Orders:  

Get SALT Encoding   

  12  0:00  SCV  
  13  0:13  SCV  
  14  0:22  Supply Depot  
  14  0:25  SCV  
  15  0:45  SCV  
  15  0:46  Barracks  
  16  0:51  Refinery  
  17  1:06  Barracks  
  16  1:20  SCV  
  16  1:21  Refinery  
  17  1:30  Supply Depot  
  17  1:32  SCV  
  18  1:37  Reaper  
  19  1:53  Reaper  
  20  2:02  Supply Depot  
  20  2:09  Reaper  
  21  2:26  Reaper  
  22  2:41  Reaper  
  22  2:47  Orbital Command  
  22  2:58  Reaper  
  22  3:01  Factory  
  23  3:13  Reaper  
  20  3:30  Reaper  
  20  3:33  SCV  
  22  3:45  Reaper  
  22  3:47  Factory Tech Lab  
  23  3:50  Command Center  
  23  4:06  Barracks  
Tags
 
Add a new tag
Caveats
  • Supply blocks, unpowered buildings, or Contaminate may cause inaccurate times.
  • Supply counts are checked every 10 seconds.